PCL
SAN JOSE MISSIONS @ PHOENIX GIANTS
05/17/1982
 
TOP OF THE 1ST
San Jose Missions batting - Pitching for Phoenix Giants : RHP Carlos Rodriguez
Pitching: RHP Carlos Rodriguez
Batting: SHB Curt Bryan 0-0: Called Strike
0-1: Ball
1-1: Swinging Strike
1-2: Strikes out swinging
Batting: LHB Glen Franklin 0-0: Foul Ball, location: 2F
0-1: Swinging Strike
0-2: Strikes out looking
Batting: SHB David Piller 0-0: Called Strike
0-1: Ball
1-1: Foul Ball, location: 2F
1-2: Fly out, F5 (Flyball, 5D, EV 90.6 MPH)
Top of the 1st over - 0 runs, 0 hits, 0 errors, 0 left on base; San Jose 0 - Phoenix 0
BOTTOM OF THE 1ST
Phoenix Giants batting - Pitching for San Jose Missions : RHP Tim Reynolds
Pitching: RHP Tim Reynolds
Batting: LHB Gordon Hahn 0-0: Ball
1-0: Called Strike
1-1: Fly out, F7 (Flyball, 78D, EV 102.5 MPH)
Batting: LHB Bobby V Mitchell 0-0: Ball
1-0: Ball
2-0: Foul Ball, location: 2F
2-1: SINGLE (Groundball, 34D, EV 101.3 MPH)
Batting: LHB Ernie Riles 0-0: Ball
1-0: Called Strike
1-1: Ball
2-1: Ball
3-1: Base on Balls
Bobby V Mitchell to second
Batting: SHB John Macauley 0-0: Reached on error, E8 (Flyball, 8RXD, EV 105.6 MPH)
Bobby V Mitchell scores
Ernie Riles to third
Batting: LHB Joseph Bruno 0-0: Ball
1-0: Swinging Strike
1-1: Foul Ball, location: 2F
1-2: Strikes out swinging
Batting: LHB Mike Reynolds 0-0: Ball
1-0: Ground out 6-3 (Groundball, 4M, EV 108.1 MPH)
Bottom of the 1st over - 1 run, 1 hit, 1 error, 2 left on base; San Jose 0 - Phoenix 1
TOP OF THE 2ND
San Jose Missions batting - Pitching for Phoenix Giants : RHP Carlos Rodriguez
Batting: LHB Rich Gedman 0-0: Called Strike
0-1: Ball
1-1: Foul Ball, location: 2F
1-2: Ball
2-2: Ball
3-2: Ground out 6-3 (Groundball, 6, EV 102.5 MPH)
Batting: RHB Paul Runge 0-0: Called Strike
0-1: Swinging Strike
0-2: Foul Ball, location: 2F
0-2: Ball
1-2: Foul Ball, location: 2F
1-2: Foul Ball, location: 2F
1-2: Ball
2-2: Foul Ball, location: 2F
2-2: Ball
3-2: Foul Ball, location: 2F
3-2: Ground out 5-3 (Groundball, 56, EV 86.9 MPH)
Batting: LHB Marvell Wynne 0-0: Ball
1-0: Ball
2-0: Called Strike
2-1: Foul Ball, location: 2F
2-2: Ball
3-2: Ground out 6-3 (Groundball, 6MD, EV 103.8 MPH)
Top of the 2nd over - 0 runs, 0 hits, 0 errors, 0 left on base; San Jose 0 - Phoenix 1
BOTTOM OF THE 2ND
Phoenix Giants batting - Pitching for San Jose Missions : RHP Tim Reynolds
Batting: RHB Adam Veldman 0-0: Ground out 6-3 (Groundball, 6, EV 103.8 MPH)
Batting: LHB Frank Gill 0-0: Ball
1-0: Called Strike
1-1: Ground out 4-3 (Groundball, 4, EV 85.0 MPH)
Batting: RHB Tom Wieghaus 0-0: Fly out, F7 (Flyball, 78M, EV 90.6 MPH)
Bottom of the 2nd over - 0 runs, 0 hits, 0 errors, 0 left on base; San Jose 0 - Phoenix 1
TOP OF THE 3RD
San Jose Missions batting - Pitching for Phoenix Giants : RHP Carlos Rodriguez
Batting: RHB Pablo Cardiel 0-0: Called Strike
0-1: Ball
1-1: Ball
2-1: Swinging Strike
2-2: Ball
3-2: Fly out, F9 (Flyball, 9S, EV 85.6 MPH)
Batting: LHB Steven Michael 0-0: Ball
1-0: Called Strike
1-1: Foul Ball, location: 2F
1-2: Strikes out swinging
Batting: LHB Jesus Valerio 0-0: Ball
1-0: Called Strike
1-1: Fly out, F5 (Line Drive, 5, EV 71.3 MPH)
Top of the 3rd over - 0 runs, 0 hits, 0 errors, 0 left on base; San Jose 0 - Phoenix 1
BOTTOM OF THE 3RD
Phoenix Giants batting - Pitching for San Jose Missions : RHP Tim Reynolds
Batting: LHB Gordon Hahn 0-0: Called Strike
0-1: Ball
1-1: Ball
2-1: Fly out, F8 (Flyball, 8RD, EV 101.3 MPH)
Batting: LHB Bobby V Mitchell 0-0: SINGLE (Groundball, 4MD, EV 96.3 MPH)
Batting: LHB Ernie Riles 0-0: Called Strike
0-1: Fly out, F8 (Line Drive, 8LD, EV 92.5 MPH)
Batting: SHB John Macauley 0-0: Ball
1-0: Called Strike
1-1: Ball
2-1: Foul Ball, location: 2F
2-2: Strikes out swinging
Bottom of the 3rd over - 0 runs, 1 hit, 0 errors, 1 left on base; San Jose 0 - Phoenix 1
TOP OF THE 4TH
San Jose Missions batting - Pitching for Phoenix Giants : RHP Carlos Rodriguez
Batting: SHB Curt Bryan 0-0: Called Strike
0-1: Swinging Strike
0-2: Foul Ball, location: 2F
0-2: Ball
1-2: Ball
2-2: Strikes out swinging
Batting: LHB Glen Franklin 0-0: Foul Ball, location: 2F
0-1: Swinging Strike
0-2: Strikes out swinging
Batting: SHB David Piller 0-0: Foul Ball, location: 2F
0-1: Ground out 4-3 (Groundball, 4M, EV 88.8 MPH)
Top of the 4th over - 0 runs, 0 hits, 0 errors, 0 left on base; San Jose 0 - Phoenix 1
BOTTOM OF THE 4TH
Phoenix Giants batting - Pitching for San Jose Missions : RHP Tim Reynolds
Batting: LHB Joseph Bruno 0-0: Called Strike
0-1: Ball
1-1: Ground out U3 (Groundball, 34, EV 83.1 MPH)
Batting: LHB Mike Reynolds 0-0: Called Strike
0-1: Ball
1-1: Swinging Strike
1-2: Ball
2-2: Strikes out looking
Batting: RHB Adam Veldman 0-0: Ball
1-0: Swinging Strike
1-1: Called Strike
1-2: SINGLE (Line Drive, 9S, EV 90.6 MPH)
Batting: LHB Frank Gill 0-0: Ball
1-0: Called Strike
1-1: Foul Ball, location: 2F
1-2: SINGLE (Groundball, 13S, EV 68.8 MPH) (infield hit)
Adam Veldman to second
Batting: RHB Tom Wieghaus 0-0: Ball
1-0: Foul Ball, location: 2F
1-1: Swinging Strike
1-2: Ball
2-2: Strikes out swinging
Bottom of the 4th over - 0 runs, 2 hits, 0 errors, 2 left on base; San Jose 0 - Phoenix 1
TOP OF THE 5TH
San Jose Missions batting - Pitching for Phoenix Giants : RHP Carlos Rodriguez
Batting: LHB Rich Gedman 0-0: Foul Ball, location: 2F
0-1: Foul Ball, location: 2F
0-2: Foul Ball, location: 2F
0-2: Ground out 6-3 (Groundball, 6, EV 80.0 MPH)
Batting: RHB Paul Runge 0-0: Called Strike
0-1: Foul Ball, location: 2F
0-2: Ball
1-2: SINGLE (Groundball, 5S, EV 75.0 MPH) (infield hit)
Batting: LHB Marvell Wynne 0-0: Swinging Strike
0-1: Called Strike
0-2: Ball
1-2: Ball
2-2: Strikes out swinging
Paul Runge steals 2nd base (no throw)
Batter strikes out.
Batting: RHB Pablo Cardiel 0-0: Ball
1-0: Fly out, F9 (Flyball, 9, EV 95.0 MPH)
Top of the 5th over - 0 runs, 1 hit, 0 errors, 1 left on base; San Jose 0 - Phoenix 1
BOTTOM OF THE 5TH
Phoenix Giants batting - Pitching for San Jose Missions : RHP Tim Reynolds
Batting: LHB Gordon Hahn 0-0: Called Strike
0-1: Called Strike
0-2: Ball
1-2: Ground out 4-3 (Groundball, 4, EV 100.6 MPH)
Batting: LHB Bobby V Mitchell 0-0: Called Strike
0-1: Ball
1-1: Fly out, F8 (Flyball, 78S, EV 75.6 MPH)
Batting: LHB Ernie Riles 0-0: Swinging Strike
0-1: Foul Ball, location: 2F
0-2: Ball
1-2: Foul Ball, location: 2F
1-2: Fly out, F9 (Flyball, 9LS, EV 86.3 MPH)
Bottom of the 5th over - 0 runs, 0 hits, 0 errors, 0 left on base; San Jose 0 - Phoenix 1
TOP OF THE 6TH
San Jose Missions batting - Pitching for Phoenix Giants : RHP Carlos Rodriguez
Batting: LHB Steven Michael 0-0: Called Strike
0-1: SINGLE (Line Drive, 78S, EV 95.6 MPH)
Batting: LHB Jesus Valerio 0-0: Foul Ball, location: 2F
0-1: Swinging Strike
0-2: SINGLE (Line Drive, 9S, EV 106.9 MPH)
Steven Michael to second
Batting: SHB Curt Bryan 0-0: Ball
1-0: Foul Ball, location: 2F
1-1: Foul Ball, location: 2F
1-2: Ball
2-2: Strikes out swinging
Batting: LHB Glen Franklin 0-0: Ball
1-0: Fly out, F8 (Flyball, 8RS, EV 94.4 MPH)
Batting: SHB David Piller 0-0: Called Strike
0-1: Ball
1-1: Ball
2-1: Foul Ball, location: 2F
2-2: Ball
3-2: Strikes out swinging
Top of the 6th over - 0 runs, 2 hits, 0 errors, 2 left on base; San Jose 0 - Phoenix 1
BOTTOM OF THE 6TH
Phoenix Giants batting - Pitching for San Jose Missions : RHP Tim Reynolds
Batting: SHB John Macauley 0-0: Called Strike
0-1: Foul Ball, location: 2F
0-2: Ball
1-2: Ball
2-2: Foul Ball, location: 2F
2-2: Ball
3-2: Foul Ball, location: 2F
3-2: Foul Ball, location: 2F
3-2: Fly out, F7 (Line Drive, 7S, EV 92.5 MPH)
Batting: LHB Joseph Bruno 0-0: Called Strike
0-1: Called Strike
0-2: Ground out 5-3 (Groundball, 56, EV 106.9 MPH)
Batting: LHB Mike Reynolds 0-0: Called Strike
0-1: Fly out, F9 (Flyball, 9LM, EV 86.3 MPH)
Bottom of the 6th over - 0 runs, 0 hits, 0 errors, 0 left on base; San Jose 0 - Phoenix 1
TOP OF THE 7TH
San Jose Missions batting - Pitching for Phoenix Giants : RHP Carlos Rodriguez
Batting: LHB Rich Gedman 0-0: Called Strike
0-1: Foul Ball, location: 2F
0-2: Strikes out swinging
Batting: RHB Paul Runge 0-0: Ball
1-0: Swinging Strike
1-1: SINGLE (Groundball, 56D, EV 94.4 MPH)
Batting: LHB Marvell Wynne 0-0: Ball
1-0: Called Strike
1-1: Ball
2-1: Swinging Strike
2-2: Strikes out looking
Pitching: RHP John Littlefield
Batting: LHB Jack Perconte 0-0: Ball
1-0: Ball
Paul Runge steals 2nd, throwing error, E2
Paul Runge to third
2-0: SINGLE (Line Drive, 4MD, EV 98.1 MPH)
Paul Runge scores
Batting: LHB Steven Michael 0-0: Ball
1-0: Foul Ball, location: 2F
1-1: Ball
2-1: Called Strike
2-2: Ball
3-2: Base on Balls
Jack Perconte to second
Batting: LHB Jesus Valerio 0-0: Called Strike
0-1: Foul Ball, location: 2F
0-2: Fly out, F7 (Flyball, 78M, EV 86.9 MPH)
Top of the 7th over - 1 run, 2 hits, 1 error, 2 left on base; San Jose 1 - Phoenix 1
BOTTOM OF THE 7TH
Phoenix Giants batting - Pitching for San Jose Missions : RHP Tim Reynolds
Batting: RHB Adam Veldman 0-0: Ball
1-0: Ball
2-0: Called Strike
2-1: Foul Ball, location: 2F
2-2: Ball
3-2: Fly out, F8 (Flyball, 8RXD, EV 92.5 MPH)
Batting: LHB Frank Gill 0-0: Foul Ball, location: 2F
0-1: Called Strike
0-2: Ground out 4-3 (Groundball, 34, EV 81.3 MPH)
Batting: RHB Tom Wieghaus 0-0: Ball
1-0: Swinging Strike
1-1: Ground out 4-3 (Groundball, 4, EV 106.3 MPH)
Bottom of the 7th over - 0 runs, 0 hits, 0 errors, 0 left on base; San Jose 1 - Phoenix 1
TOP OF THE 8TH
San Jose Missions batting - Pitching for Phoenix Giants : RHP John Littlefield
Batting: SHB Curt Bryan 0-0: Called Strike
0-1: Foul Ball, location: 2F
0-2: Strikes out looking
Batting: LHB Glen Franklin 0-0: Swinging Strike
0-1: Fly out, F6 (Popup, 6, EV 81.3 MPH)
Batting: SHB David Piller 0-0: Ball
1-0: Called Strike
1-1: Called Strike
1-2: Fly out, F9 (Flyball, 9, EV 91.3 MPH)
Top of the 8th over - 0 runs, 0 hits, 0 errors, 0 left on base; San Jose 1 - Phoenix 1
BOTTOM OF THE 8TH
Phoenix Giants batting - Pitching for San Jose Missions : RHP Tim Reynolds
Batting: LHB Gordon Hahn 0-0: Ball
1-0: Fly out, F8 (Line Drive, 8LM, EV 106.9 MPH)
Batting: LHB Bobby V Mitchell 0-0: Fly out, F7 (Flyball, 7D, EV 99.4 MPH)
Batting: LHB Ernie Riles 0-0: Foul Ball, location: 2F
0-1: Ball
1-1: SINGLE (Groundball, 6MD, EV 100.6 MPH)
Batting: SHB John Macauley 0-0: Ball
1-0: Called Strike
1-1: Foul Ball, location: 2F
1-2: Ball
2-2: Fielders Choice at 2nd, 6-4 (Groundball, 6, EV 88.8 MPH)
Bottom of the 8th over - 0 runs, 1 hit, 0 errors, 1 left on base; San Jose 1 - Phoenix 1
TOP OF THE 9TH
San Jose Missions batting - Pitching for Phoenix Giants : RHP John Littlefield
Pitching: RHP Charles Davis
Batting: LHB Rich Gedman 0-0: Fly out, F7 (Flyball, 78M, EV 87.5 MPH)
Batting: RHB Paul Runge 0-0: Ball
1-0: Called Strike
1-1: Ball
2-1: Fly out, F7 (Line Drive, 7S, EV 106.9 MPH)
Batting: LHB Marvell Wynne 0-0: Ball
1-0: Ball
2-0: Ball
3-0: Called Strike
3-1: SINGLE (Groundball, 25, EV 65.6 MPH) (infield hit)
Batting: LHB Jack Perconte 0-0: Ball
1-0: Foul Ball, location: 2F
1-1: Fielders Choice at 2nd, U4 (Groundball, 4M, EV 97.5 MPH)
Top of the 9th over - 0 runs, 1 hit, 0 errors, 1 left on base; San Jose 1 - Phoenix 1
BOTTOM OF THE 9TH
Phoenix Giants batting - Pitching for San Jose Missions : RHP Tim Reynolds
Pitching: LHP Thomas Biko
Pinch Hitting: SHB Razor Shines 0-0: Ball
1-0: Ball
2-0: Foul Ball, location: 2F
2-1: Ball
3-1: Foul Ball, location: 2F
3-2: Foul Ball, location: 2F
3-2: Foul Ball, location: 2F
3-2: Strikes out looking
Pinch Hitting: LHB Raymond Rivas 0-0: SINGLE (Groundball, 34S, EV 70.0 MPH) (infield hit)
Batting: RHB Adam Veldman 0-0: Called Strike
0-1: Ball
1-1: Fly out, F9 (Flyball, 9LS, EV 86.9 MPH)
Batting: LHB Frank Gill 0-0: Ball
1-0: Ground out 4-3 (Groundball, 4, EV 89.4 MPH)
Bottom of the 9th over - 0 runs, 1 hit, 0 errors, 1 left on base; San Jose 1 - Phoenix 1
TOP OF THE 10TH
San Jose Missions batting - Pitching for Phoenix Giants : RHP Charles Davis
Now at 2B: Raymond Rivas
Now in LF: Glenn Arnett
Batting: LHB Steven Michael 0-0: Ball
1-0: Called Strike
1-1: Ball
2-1: Foul Ball, location: 2F
2-2: Foul Ball, location: 2F
2-2: Ground out 4-3 (Groundball, 4, EV 78.1 MPH)
Batting: LHB Jesus Valerio 0-0: Called Strike
0-1: Ball
1-1: Fly out, F7 (Line Drive, 7D, EV 93.1 MPH)
Batting: SHB Curt Bryan 0-0: SINGLE (Groundball, 34D, EV 102.5 MPH)
Batting: LHB Glen Franklin 0-0: Ball
1-0: Called Strike
1-1: Ball
2-1: Swinging Strike
2-2: Ball
3-2: SINGLE (Line Drive, 56D, EV 105.6 MPH)
Curt Bryan to second
Curt Bryan to third
Pitching: RHP Enrique Romo
Batting: SHB David Piller 0-0: Fly out, F7 (Flyball, 7S, EV 82.5 MPH)
Top of the 10th over - 0 runs, 2 hits, 0 errors, 2 left on base; San Jose 1 - Phoenix 1
BOTTOM OF THE 10TH
Phoenix Giants batting - Pitching for San Jose Missions : LHP Thomas Biko
Batting: RHB Tom Wieghaus 0-0: Called Strike
0-1: Foul Ball, location: 2F
0-2: Foul Ball, location: 2F
0-2: Ball
1-2: Foul Ball, location: 2F
1-2: Ball
2-2: Strikes out swinging
Batting: LHB Gordon Hahn 0-0: Foul Ball, location: 2F
0-1: Foul Ball, location: 2F
0-2: Ball
1-2: Ball
2-2: Foul Ball, location: 2F
2-2: Foul Ball, location: 2F
2-2: Strikes out swinging
Batting: LHB Bobby V Mitchell 0-0: Ball
1-0: Ball
2-0: Ground out 3-1 (Groundball, 34S, EV 90.0 MPH)
Bottom of the 10th over - 0 runs, 0 hits, 0 errors, 0 left on base; San Jose 1 - Phoenix 1
TOP OF THE 11TH
San Jose Missions batting - Pitching for Phoenix Giants : RHP Enrique Romo
Batting: LHB Rich Gedman 0-0: Called Strike
0-1: Swinging Strike
0-2: Ball
1-2: Foul Ball, location: 2F
1-2: Ball
2-2: Foul Ball, location: 2F
2-2: Ball
3-2: SINGLE (Groundball, 6D, EV 105.0 MPH)
Batting: RHB Paul Runge 0-0: Ball
1-0: Foul Ball, location: 2F
1-1: Foul Ball, location: 2F
1-2: Grounds into double play, 5-4-3 (Groundball, 56, EV 78.8 MPH)
Batting: LHB Marvell Wynne 0-0: Called Strike
0-1: Called Strike
0-2: Strikes out swinging, 2-3 out at first.
Top of the 11th over - 0 runs, 1 hit, 0 errors, 0 left on base; San Jose 1 - Phoenix 1
BOTTOM OF THE 11TH
Phoenix Giants batting - Pitching for San Jose Missions : LHP Thomas Biko
Batting: LHB Ernie Riles 0-0: Ball
1-0: Ball
2-0: Called Strike
2-1: Fly out, F8 (Line Drive, 8LD, EV 92.5 MPH)
Batting: SHB John Macauley 0-0: Called Strike
0-1: Fly out, F7 (Flyball, 7, EV 90.6 MPH)
Batting: LHB Glenn Arnett 0-0: Ball
1-0: Ball
2-0: Foul Ball, location: 2F
2-1: Ball
3-1: Reached via error on a dropped throw from 1B, E1 (Groundball, 34, EV 78.1 MPH)
Batting: LHB Raymond Rivas 0-0: Ball
1-0: Called Strike
1-1: Ball
Glenn Arnett steals 2nd base (no throw)
2-1: Ball
3-1: Swinging Strike
3-2: Strikes out swinging
Bottom of the 11th over - 0 runs, 0 hits, 1 error, 1 left on base; San Jose 1 - Phoenix 1
TOP OF THE 12TH
San Jose Missions batting - Pitching for Phoenix Giants : RHP Enrique Romo
Batting: LHB Jack Perconte 0-0: Fly out, F7 (Flyball, 7, EV 85.0 MPH)
Batting: LHB Steven Michael 0-0: Called Strike
0-1: Ball
1-1: Ball
2-1: Ball
3-1: Swinging Strike
3-2: Ground out 4-3 (Groundball, 4, EV 85.0 MPH)
Batting: LHB Jesus Valerio 0-0: Ball
1-0: Ball
2-0: DOUBLE (Line Drive, 7LM, EV 111.3 MPH)
Batting: SHB Curt Bryan 0-0: Foul Ball, location: 2F
0-1: Ball
1-1: Ball
2-1: Foul Ball, location: 2F
2-2: Foul Ball, location: 2F
2-2: Ball
3-2: Fly out, F8 (Flyball, 89XD, EV 90.0 MPH)
Top of the 12th over - 0 runs, 1 hit, 0 errors, 1 left on base; San Jose 1 - Phoenix 1
BOTTOM OF THE 12TH
Phoenix Giants batting - Pitching for San Jose Missions : LHP Thomas Biko
Batting: RHB Adam Veldman 0-0: Fly out, F8 (Flyball, 8LD, EV 102.5 MPH)
Batting: LHB Frank Gill 0-0: Ball
1-0: Called Strike
1-1: Ball
2-1: Foul Ball, location: 2F
2-2: Foul Ball, location: 2F
2-2: Strikes out looking
Batting: RHB Tom Wieghaus 0-0: Called Strike
0-1: Ball
1-1: Fly out, F4 (Popup, 34S, EV 84.4 MPH)
Bottom of the 12th over - 0 runs, 0 hits, 0 errors, 0 left on base; San Jose 1 - Phoenix 1
TOP OF THE 13TH
San Jose Missions batting - Pitching for Phoenix Giants : RHP Enrique Romo
Pitching: RHP Pete Ladd
Batting: LHB Glen Franklin 0-0: Called Strike
0-1: Foul Ball, location: 2F
0-2: Strikes out looking
Batting: SHB David Piller 0-0: Ball
1-0: Foul Ball, location: 2F
1-1: Foul Ball, location: 2F
1-2: Fly out, F8 (Flyball, 8RM, EV 88.1 MPH)
Batting: LHB Rich Gedman 0-0: Called Strike
0-1: Swinging Strike
0-2: Strikes out swinging
Top of the 13th over - 0 runs, 0 hits, 0 errors, 0 left on base; San Jose 1 - Phoenix 1
BOTTOM OF THE 13TH
Phoenix Giants batting - Pitching for San Jose Missions : LHP Thomas Biko
Batting: LHB Gordon Hahn 0-0: Swinging Strike
0-1: Foul Ball, location: 2F
0-2: Ball
1-2: Strikes out looking
Batting: LHB Bobby V Mitchell 0-0: Ball
1-0: Ball
2-0: Called Strike
2-1: Ground out U3 (Groundball, 3, EV 96.9 MPH)
Batting: LHB Ernie Riles 0-0: Ball
1-0: Called Strike
1-1: Foul Ball, location: 2F
1-2: Strikes out swinging
Bottom of the 13th over - 0 runs, 0 hits, 0 errors, 0 left on base; San Jose 1 - Phoenix 1
TOP OF THE 14TH
San Jose Missions batting - Pitching for Phoenix Giants : RHP Pete Ladd
Batting: RHB Paul Runge 0-0: Called Strike
0-1: Called Strike
0-2: Ball
1-2: Strikes out swinging
Batting: LHB Marvell Wynne 0-0: Ball
1-0: Ball
2-0: Called Strike
2-1: Fly out, F4 (Popup, 3D, EV 69.4 MPH)
Batting: LHB Jack Perconte 0-0: Ball
1-0: Ball
2-0: Ball
3-0: Base on Balls
Batting: LHB Steven Michael 0-0: Called Strike
0-1: Ball
1-1: Ball
2-1: Foul Ball, location: 2F
2-2: Foul Ball, location: 2F
2-2: Strikes out looking
Top of the 14th over - 0 runs, 0 hits, 0 errors, 1 left on base; San Jose 1 - Phoenix 1
BOTTOM OF THE 14TH
Phoenix Giants batting - Pitching for San Jose Missions : LHP Thomas Biko
Pitching: RHP Oscar Acosta
Batting: SHB John Macauley 0-0: Called Strike
0-1: Ground out 2-3 (Groundball, 2R, EV 67.5 MPH)
Batting: LHB Glenn Arnett 0-0: Called Strike
0-1: Ball
1-1: Ball
2-1: Foul Ball, location: 2F
2-2: Strikes out swinging
Batting: LHB Raymond Rivas 0-0: Ball
1-0: Swinging Strike
1-1: Ball
2-1: Ball
3-1: Called Strike
3-2: Base on Balls
Batting: RHB Adam Veldman 0-0: Ball
1-0: Fly out, F9 (Line Drive, 9, EV 93.8 MPH)
Bottom of the 14th over - 0 runs, 0 hits, 0 errors, 1 left on base; San Jose 1 - Phoenix 1
TOP OF THE 15TH
San Jose Missions batting - Pitching for Phoenix Giants : RHP Pete Ladd
Batting: LHB Jesus Valerio 0-0: Called Strike
0-1: Ball
1-1: Foul Ball, location: 2F
1-2: Ball
2-2: SINGLE (Line Drive, 89S, EV 87.5 MPH)
Batting: SHB Curt Bryan 0-0: Ball
Jesus Valerio is caught stealing 2nd base 2-6
1-0: Foul Ball, location: 2F
1-1: Foul Ball, location: 2F
1-2: Foul Ball, location: 2F
1-2: Ball
2-2: Ball
3-2: Base on Balls
Pitching: RHP Phillip Welch
Batting: LHB Glen Franklin 0-0: Swinging Strike
0-1: Ball
1-1: Called Strike
1-2: Fly out, F9 (Line Drive, 9D, EV 99.4 MPH)
Batting: SHB David Piller 0-0: Ball
Curt Bryan is caught stealing 2nd base 2-6
Top of the 15th over - 0 runs, 1 hit, 0 errors, 0 left on base; San Jose 1 - Phoenix 1
BOTTOM OF THE 15TH
Phoenix Giants batting - Pitching for San Jose Missions : RHP Oscar Acosta
Pinch Hitting: LHB Lawrence Thomas 0-0: Swinging Strike
0-1: Ball
1-1: DOUBLE (Flyball, 89XD, EV 95.6 MPH)
Batting: RHB Tom Wieghaus 0-0: Ball
1-0: Called Strike
1-1: Ball
2-1: Called Strike
2-2: Ball
3-2: Foul Ball, location: 2F
3-2: Fly out, F8 (Flyball, 8RM, EV 84.4 MPH)
Batting: LHB Gordon Hahn 0-0: Ball
1-0: Ball
2-0: Ball
3-0: Called Strike
3-1: SINGLE (Line Drive, 4D, EV 93.8 MPH)
Lawrence Thomas to third
Runner from 3rd tries for Home, SAFE, throw by CF to home
Bottom of the 15th over - 1 run, 2 hits, 0 errors, 0 left on base; San Jose 1 - Phoenix 2
Friday, July 31st, 2020 - OOTP Baseball 21.5 Build 76